 Dungeon Crawl Stone Soup version 0.20-a0-910-gb611367 (webtiles) character file.

8338 LordEnrai the Spear-Bearer (level 11, 0/93 HPs)
             Began as a Merfolk Gladiator on Mar 25, 2017.
             Was a High Priest of Okawaru.
             Succumbed to a killer bee's poison
             ... on level 10 of the Dungeon.
             The game lasted 00:34:27 (10177 turns).

LordEnrai the Spear-Bearer (Merfolk Gladiator)     Turns: 10177, Time: 00:34:28

Health: 0/93       AC: 14    Str: 14    XL:     11   Next: 29%
Magic:  3/15       EV: 23    Int:  5    God:    Okawaru [*****.]
Gold:   110        SH:  0    Dex: 23    Spells: 10/11 levels left

rFire    . . .     SeeInvis .   z - +1 bardiche (protect)
rCold    + + .     Gourm    .   i - +2 robe {rN+}
rNeg     + . .     Faith    .   (shield currently unavailable)
rPois    .         Spirit   +   (helmet restricted)
rElec    .         Reflect  .   E - scarf {Spirit}
rCorr    .         Harm     .   (no gloves)
MR       .....                  (no boots)
Stlth    ++........             F - amulet of rage
Regen    0.3/turn               D - +3 ring of dexterity
MPRegen  0.2/turn               q - +3 ring of protection

@: lethally poisoned (0 -> -7), exhausted, protection aura, slowed, very slow
A: change form in water, swift swim, stealthy swim, horns 1, cold resistance 2,
dopey 1, screaming 1
a: Heroism, Finesse, Renounce Religion, Evoke Berserk Rage


You were on level 10 of the Dungeon.
You worshipped Okawaru.
Okawaru was extremely pleased with you.
You were hungry.

You visited 1 branch of the dungeon, and saw 11 of its levels.

You collected 334 gold pieces.
You spent 224 gold pieces at shops.

Inventory:

Hand Weapons
 a - a +0 trident
 z - a +1 bardiche of protection (weapon)
Missiles
 d - a throwing net (quivered)
Armour
 c - a +1 helmet
 i - a +2 robe of positive energy (worn)
 l - a +1 robe of the Archmagi
 n - a +2 cloak
 A - a +0 buckler
 E - a scarf of spirit shield (worn)
Jewellery
 q - a +3 ring of protection (left hand)
 D - a +3 ring of dexterity (right hand)
 F - an amulet of rage (around neck)
 I - an uncursed amulet of magic regeneration
Wands
 o - a wand of lightning (8/15)
 p - a wand of random effects (30/48)
 s - a wand of digging (24/24)
 x - a wand of disintegration (16/24)
 B - a wand of lightning (10/15)
Scrolls
 b - 2 scrolls of teleportation
 e - 5 scrolls of identify
 g - 3 scrolls of remove curse
 r - 2 scrolls of enchant armour
 G - a scroll of magic mapping
 H - a scroll of recharging
Potions
 k - a potion of brilliance
 m - 2 potions of haste
 t - a potion of might
 v - a potion of flight
 C - a potion of magic
Books
 w - a book of Air

   Spells                             Type                      Level
   a - Shock                          Conjuration/Air              1
   b - Swiftness                      Charms/Air                   2
   c - Static Discharge               Conjuration/Air              3
   d - Airstrike                      Air                          4
   e - Lightning Bolt                 Conjuration/Air              5
 y - a book of Flames

   Spells                             Type                      Level
   a - Flame Tongue                   Conjuration/Fire             1
   b - Throw Flame                    Conjuration/Fire             2
   c - Conjure Flame                  Conjuration/Fire             3
   d - Inner Flame                    Hexes/Fire                   3
   e - Sticky Flame                   Conjuration/Fire             4
   f - Fireball                       Conjuration/Fire             5
Comestibles
 f - 3 bread rations
 h - 5 fruits
 j - 12 royal jellies
 u - 3 chunks of flesh


   Skills:
 * Level 11.4 Fighting
 + Level 12.7 Polearms
 - Level 2.0 Throwing
 - Level 1.0 Armour
 - Level 12.0 Dodging
 - Level 0.4 Shields
 - Level 0.8 Spellcasting
 - Level 0.8 Conjurations
 - Level 0.7 Air Magic
 - Level 5.3 Invocations
 - Level 0.4 Evocations


You had 10 spell levels left.
You knew the following spells:

 Your Spells              Type           Power        Failure   Level  Hunger
a - Shock                 Conj/Air       #...         43%         1    ##.....


Dungeon Overview and Level Annotations

Branches:
Dungeon (11/15)              Lair (0/6) D:9
 Temple: D:4-7          Orc: D:9-12

Altars:
Elyvilon
Okawaru
Ru

Shops:
D:9 [%}?:

Annotations:
D:4 1 runed door


Innate Abilities, Weirdness & Mutations

You revert to your normal form in water.
You are very nimble and swift while swimming.
You are very stealthy in the water. (Stealth+)
You have a pair of small horns on your head.
Your flesh is very cold resistant. (rC++)
You are dopey. (Int -2)
You occasionally shout uncontrollably at your foes.


Message History

You feel sick.
The killer bee completely misses you. x2
You closely miss the killer bee.
* * * LOW HITPOINT WARNING * * *
You feel sick. The killer bee barely misses you.
You slice the killer bee!!
You kill the killer bee!
Okawaru accepts your kill.
* * * LOW HITPOINT WARNING * * *
You feel sick.
* * * LOW HITPOINT WARNING * * *
You feel sick.
There is an open door here.
You feel a strong urge to attack something.
* * * LOW HITPOINT WARNING * * *
You feel sick.
You are too berserk!
You feel your anger subside.
You are no longer berserk.
You are exhausted.
You feel yourself slow down.
You die...

######...........#.. #
#................#.###)#
#................#.....#
#........††.........#
#..........(........# #
#.........##'#......#...
#.........#).#.........#
#.....#####..#.........#
#.....#....@.#.........#
#...###......#...........
#...#........#...........
#...#........#...........
#...#........#...........
###.#........#..........
... #.#####....#..........
...
#####.....#....#...}......
... #.........#
#.........' ..#


There were no monsters in sight!

Vanquished Creatures
  Snorg (D:10)
  Psyche (D:8)
  A queen bee (D:10)
  2 hippogriffs
  A vampire (D:10)
  13 yaks
  A hungry ghost (D:9)
  A black bear (D:7)
  2 orc warriors
  3 ice beasts
  3 sky beasts
  A necrophage (D:10)
  2 ogres
  A phantom (D:9)
  A centaur (D:8)
  4 bullfrogs
  A gnoll sergeant (D:9)
  A big kobold (D:9)
  4 scorpions
  10 killer bees
  7 wights
  10 howler monkeys
  4 crimson imps
  A quasit (D:7)
  A centaur zombie (D:10)
  7 orc priests
  4 hounds
  2 jellies (D:8)
  Crazy Yiuf (D:3)
  9 orc wizards
  4 bullfrog skeletons
  Jessica (D:2)
  3 iguanas
  7 worker ants
  2 killer bee zombies (D:7)
  A hound skeleton (D:8)
  A hound zombie (D:8)
  A mummy (D:10)
  A worker ant zombie (D:9)
  A howler monkey zombie (D:10)
  7 gnolls
  7 adders
  3 shadow imps
  2 oozes
  An adder zombie (D:7)
  A worm (D:2)
  A dart slug (D:1)
  3 leopard geckos
  18 orcs
  5 bats
  5 giant cockroaches
  4 goblins
  5 hobgoblins
  15 jackals
  6 kobolds
  4 quokkas
  A ball python (D:4)
  7 frilled lizards
  A jackal skeleton (D:4)
  4 rats
  A fungus (D:3)
223 creatures vanquished.

Vanquished Creatures (others)
  An orc wizard (D:7)
  2 orcs (D:7)
  A withered plant (D:10)
4 creatures vanquished.

Grand Total: 227 creatures vanquished

Notes
Turn   | Place    | Note
-------+----------+-------------------------------------------
     0 | D:1      | LordEnrai the Merfolk Gladiator began the quest for the Orb.
     0 | D:1      | Reached XP level 1. HP: 16/16 MP: 1/1
    68 | D:1      | Reached XP level 2. HP: 18/23 MP: 2/2
   435 | D:1      | Reached skill level 5 in Polearms
   718 | D:1      | Gained mutation: Your body sometimes deteriorates upon taking damage. [potion of mutation]
   718 | D:1      | Gained mutation: Your flesh is cold resistant. (rC+) [potion of mutation]
   718 | D:1      | Gained mutation: Your flesh is very cold resistant. (rC++) [potion of mutation]
   718 | D:1      | Gained mutation: You have a pair of small horns on your head. [potion of mutation]
   721 | D:1      | Lost mutation: You have a pair of small horns on your head. [potion of mutation]
   721 | D:1      | Lost mutation: Your body sometimes deteriorates upon taking damage. [potion of mutation]
   721 | D:1      | Gained mutation: You occasionally shout uncontrollably at your foes. [potion of mutation]
   721 | D:1      | Gained mutation: You passively map a small area around you. [potion of mutation]
   721 | D:1      | Gained mutation: Your muscles are strong. (Str +2) [potion of mutation]
   924 | D:2      | Reached XP level 3. HP: 26/29 MP: 3/3
   991 | D:2      | Noticed Jessica
  1012 | D:2      | Killed Jessica
  1170 | D:2      | Reached XP level 4. HP: 35/37 MP: 4/4
  1905 | D:3      | Reached XP level 5. HP: 42/42 MP: 5/5
  2017 | D:3      | Reached skill level 1 in Armour
  2146 | D:3      | Found a runed door.
  2150 | D:3      | Noticed Crazy Yiuf
  2158 | D:3      | Killed Crazy Yiuf
  2271 | D:4      | Found a runed door.
  2271 | D:4      | Noticed an angel
  2277 | D:4      | Found a white marble altar of Elyvilon.
  2341 | D:4      | Reached XP level 6. HP: 49/50 MP: 6/6
  2348 | D:4      | Reached skill level 5 in Fighting
  3032 | D:4      | Reached XP level 7. HP: 56/56 MP: 7/7
  3282 | D:5      | Entered Level 5 of the Dungeon
  4300 | D:6      | Lost mutation: Your muscles are strong. (Str +2) [potion of mutation]
  4300 | D:6      | Lost mutation: Your flesh is very cold resistant. (rC++) [potion of mutation]
  4300 | D:6      | Lost mutation: You passively map a small area around you. [potion of mutation]
  4300 | D:6      | Gained mutation: You are dopey. (Int -2) [potion of mutation]
  4300 | D:6      | Gained mutation: Your flesh is very cold resistant. (rC++) [potion of mutation]
  4300 | D:6      | Gained mutation: You have a pair of small horns on your head. [potion of mutation]
  4331 | D:6      | Reached skill level 10 in Polearms
  4379 | D:6      | Reached XP level 8. HP: 65/65 MP: 8/8
  5778 | D:7      | Found an iron altar of Okawaru.
  5790 | D:7      | Became a worshipper of Warmaster Okawaru
  6310 | D:8      | Reached XP level 9. HP: 67/74 MP: 9/9
  6330 | D:8      | Learned a level 1 spell: Shock
  6396 | D:8      | Reached skill level 5 in Dodging
  6739 | D:8      | Noticed Psyche
  6768 | D:8      | Killed Psyche
  6768 | D:8      | Reached * piety under Okawaru
  7569 | D:8      | Reached skill level 10 in Fighting
  7634 | D:9      | Found Soigin's Magic Scroll Emporium.
  7648 | D:10     | Entered Level 10 of the Dungeon
  7667 | D:8      | Reached ** piety under Okawaru
  7903 | D:8      | Reached XP level 10. HP: 61/86 MP: 11/11
  8038 | D:9      | Identified a scroll of acquirement
  8052 | D:9      | Found Cyumomib's Book Shoppe.
  8079 | D:9      | Found Natir's Food Shop.
  8412 | D:9      | Found Ykuhor's Antique Armour Boutique.
  8455 | D:9      | Bought an embroidered scarf for 224 gold pieces
  8624 | D:9      | Reached skill level 1 in Invocations
  8751 | D:9      | Found Fulus's Gadget Boutique.
  9047 | D:9      | Found a sacrificial altar of Ru.
  9103 | D:9      | Found a staircase to the Lair.
  9197 | D:10     | Reached skill level 10 in Dodging
  9260 | D:10     | Reached *** piety under Okawaru
  9369 | D:10     | Noticed Snorg
  9380 | D:10     | Killed Snorg
  9483 | D:10     | Reached skill level 5 in Invocations
  9513 | D:10     | Reached **** piety under Okawaru
  9539 | D:10     | Reached XP level 11. HP: 74/92 MP: 11/14
  9677 | D:10     | Noticed a two-headed ogre
  9726 | D:11     | Noticed a two-headed ogre
  9730 | D:11     | Noticed a two-headed ogre
 10158 | D:10     | Reached ***** piety under Okawaru
 10170 | D:10     | HP: 6/139 [poisoned by a killer bee]
 10174 | D:10     | HP: 2/139 [poisoned by a killer bee]
 10177 | D:10     | Succumbed to a killer bee's poison

Vault maps used:
D:1:      minmay_arrival_stone_box, serial_forest, infiniplex_forest_straight_1,
          infiniplex_forest_straight_4, infiniplex_forest_lined_corner,
          infiniplex_forest_straight_2, infiniplex_forest_clump_long,
          infiniplex_forest_clump_long
D:2:      uniq_jessica
D:3:      first_bread, kennysheep_decorative_pillar, uniq_crazy_yiuf_cottage
D:4:      hangedman_abyss_or_decor_stagger, lemuel_angel_altar
D:5:      temple_green
D:6:      corexii_item_surrounded_by_moat
D:7:      okawaru_metal_pillars_1_2, lemuel_old_faithful
D:8:      serial_park_tiny_pond, uniq_psyche
D:9:      lemuel_coloured_pillars_altar, lair_entry_dummy, serial_shops,
          kennysheep_mini, nicolae_shop_competitors_out_of_business,
          nicolae_shop_competitors_out_of_business, shop, shop
D:10:     hangedman_cross_stitches, basic_altar, serial_undead, serial_undead_a,
          serial_undead_a, serial_undead_b, serial_undead_d,
          kennysheep_pointless_box, david_nohive_1, uniq_snorg
D:11:     david_orc_5, basic_altar, serial_column_ruins,
          column_ruins_temple_circle, column_ruins_hut_water,
          column_ruins_open_medium, column_ruins_grid_1, column_ruins_open_tiny

Skill      XL: |  1  2  3  4  5  6  7  8  9 10 11 |
---------------+----------------------------------+-----
Polearms       | 5 7 8 10 12 | 12.7
Fighting       | 3 4 5 6 8 10 11 | 11.4
Armour         | 1 |  1.0
Dodging        | 7 11 12 | 12.0
Invocations    | 5 |  5.3
Throwing       | |  2.0
Shields        | |  0.4
Spellcasting   | |  0.8
Conjurations   | |  0.8
Air Magic      | |  0.7
Evocations     | |  0.4

Action                   |  1- 3 |  4- 6 |  7- 9 | 10-12 || total
-------------------------+-------+-------+-------+-------++-------
Melee: Trident           |   110 |   206 |   416 |     8 ||   740
       Headbutt          |       |       |    70 |    52 ||   122
       Bardiche          |       |       |       |   220 ||   220
Throw: Throwing net      |       |     2 |       |     1 ||     3
 Cast: Shock             |       |       |     9 |       ||     9
Invok: Heroism           |       |       |       |     1 ||     1
 Abil: Evoke Berserk Rag |       |       |       |     2 ||     2
  Use: Potion            |     4 |     6 |     5 |     2 ||    17
       Scroll            |     5 |     5 |     8 |     7 ||    25
 Stab: Sleeping          |     2 |     3 |     2 |       ||     7
       Invisible         |     1 |       |       |       ||     1
       Held in net/web   |       |     2 |       |       ||     2
  Eat: Chunk             |     1 |     6 |     8 |     7 ||    22
       Bread ration      |       |       |     2 |     1 ||     3
       Fruit             |       |       |     1 |       ||     1
Armor: Leather armour    |    28 |    64 |    34 |       ||   126
       Robe              |       |       |    78 |    72 ||   150
Dodge: Dodged            |    69 |   153 |   277 |   434 ||   933
Block: Buckler           |       |       |     8 |     2 ||    10
